 Dungeon Crawl Stone Soup version 0.18-a0-1805-g8ab820f (webtiles) character file.

42 M4edhros the Insei (level 3, -2/17 HPs)
             Began as a Vine Stalker Transmuter on Apr 25, 2016.
             Slain by an orc
             ... wielding a +0 dagger
              (3 damage)
             ... on level 3 of the Dungeon.
             The game lasted 00:02:26 (504 turns).

M4edhros the Insei (Vine Stalker Transmuter)         Turns: 504, Time: 00:02:28

Health: -2/17      AC:  2    Str: 12    XL:     3   Next: 54%
Magic:  0/7        EV: 17    Int: 13    God:
Gold:   35         SH:  0    Dex: 20    Spells: 1 memorised, 5 levels left

rFire  . . .     SeeInvis .       - Unarmed
rCold  . . .     Gourm    .     b - +0 robe
rNeg   . . .     Faith    .     (no shield)
rPois  .         Spirit   +     (no helmet)
rElec  .         Dismiss  .     (no cloak)
rCorr  .         Reflect  .     (no gloves)
SustAt .         Harm     .     (no boots)
MR     .....                    (no amulet)
Stlth  +++.......               (no ring)
                                (no ring)

@: agile, lethally poisoned (-2 -> -3), flying, hasted, very quick, not
resistant to hostile enchantments, fairly stealthy
A: fangs 2, regeneration 1, magic shield, antimagic bite, no device heal 3, rot
immunity
a: no special abilities


You were on level 3 of the Dungeon.
You were not hungry.

You visited 1 branch of the dungeon, and saw 3 of its levels.

You collected 35 gold pieces.

Inventory:

Missiles
 a - 12 arrows
Armour
 b - a +0 robe (worn)
Scrolls
 e - a scroll of remove curse {unknown}
 i - 4 scrolls of identify {unknown}
 j - a scroll of teleportation {unknown}
 l - a scroll of immolation {unknown}
 m - a scroll of enchant weapon {unknown}
Potions
 g - a potion of agility
 h - 2 potions of flight
 n - a potion of invisibility {unknown}
Books
 c - a book of Changes

   Spells                             Type                      Level
   a - Beastly Appendage              Transmutation                1
   b - Sticks to Snakes               Transmutation                2
   c - Spider Form                    Transmutation/Poison         3
   d - Ice Form                       Ice/Transmutation            4
   e - Blade Hands                    Transmutation                5
Comestibles
 d - a bread ration
 f - 7 fruits
 k - a beef jerky
 o - a meat ration


   Skills:
 - Level 0.8 Fighting
 - Level 1.5 Dodging
 + Level 4.4 Unarmed Combat
 - Level 2.1 Spellcasting
 - Level 2.0 Transmutations


You had 5 spell levels left.
You knew the following spells:

 Your Spells              Type           Power        Failure   Level  Hunger
a - Beastly Appendage     Trmt           #.....       12%         1    ##.....


Dungeon Overview and Level Annotations

Branches:
Dungeon (3/15)

Altars:


Innate Abilities, Weirdness & Mutations

You have extremely sharp teeth.
Your natural rate of healing is unusually fast.
When hurt, damage is shared between your health and your magic reserves.
Your bite disrupts and absorbs the magic of your enemies.
Potions and wands cannot restore your health.
You are immune to rotting.


Message History

Okay, then.
Sorry, you're not good enough to have a special ability.
Unknown command.
You aren't carrying any items that you can evoke.
Drink which item? (? for menu, Esc to quit)
It was a potion of agility.
You feel agile all of a sudden.
You feel yourself speed up.
You feel sick. The bat completely misses you.
The orc wizard closely misses you. The orc misses you.
The orc wizard gestures at you while chanting.
You resist with some effort. The orc wizard hits you with a dagger.
* * * LOW HITPOINT WARNING * * *
The orc hits you with a dagger.
* * * LOW HITPOINT WARNING * * *
Drink which item? (? for menu, Esc to quit)
It was a potion of haste.
You feel yourself speed up.
* * * LOW HITPOINT WARNING * * *
You feel sick. The bat misses you. The orc wizard hits you with a dagger.
The orc hits you with a dagger.
You die...

#.. .# #.. .# ### ##..)
#.# # ##.. .... ..# .
.#.# #####..######..#
.###.#.# #...#..##...#..#
...#.#.# #...#b.##...#..#
.....#.# #...#.o@oo.['.>#
....##.###..##.###...####
....'................#
...†##.########.#.####
....##... .....#
.....############.#
.........<).....#...
..........#####.###..
...######.# ...


You could see an orc wizard, 2 orcs and a bat.

Vanquished Creatures
  2 adders
  2 giant geckos
  An orc (D:3)
  6 bats
  A giant cockroach (D:1)
  2 goblins
  3 hobgoblins
  A kobold (D:1)
  4 rats
22 creatures vanquished.

Notes
Turn   | Place    | Note
--------------------------------------------------------------
     0 | D:1      | M4edhros the Vine Stalker Transmuter began the quest for the Orb.
     0 | D:1      | Reached XP level 1. HP: 9/9 MP: 4/4
    68 | D:1      | Reached XP level 2. HP: 14/14 MP: 3/6
   167 | D:2      | Reached skill level 4 in Unarmed Combat
   231 | D:1      | Reached XP level 3. HP: 17/17 MP: 5/7
   504 | D:3      | Slain by an orc

Vault maps used:
D:1:      ncdulo_wetmaze, minmay_misc_feat_hallway, nrook_mini_vaults
D:2:      kennysheep_big_flooded_room

Skill      XL: |  1  2 |
---------------+-------+-----
Unarmed Combat | 4 |  4.4
Fighting       | |  0.8
Dodging        | |  1.5
Spellcasting   | |  2.1
Transmutations | |  2.0

Action                   || total
-------------------------++-------
Melee: Unarmed           ||    97
       Bite              ||    17
  Use: Potion            ||     3
 Stab: Sleeping          ||     2
Armor: Robe              ||    22
Dodge: Dodged            ||    87
